 Dungeon Sprint DCSS version 0.31-a0-331-geda263fcf1 (webtiles) character file.

Game seed: 3386010815660708824

7914 HallandMoats the End of an Era (level 11, -14/92 HPs)
             Began as a Demonspawn Monk on July 20, 2023.
             Was the Champion of Qazlal.
             Demolished by an Ice Fiend (16 damage)
             ... summoned by Pate
             ... in the Dungeon (Sprint V: "Ziggurat Sprint").
             The game lasted 00:05:28 (394 turns).

HallandMoats the End of an Era (Demonspawn Monk)     Turns: 394, Time: 00:05:29

Health: -14/92     AC: 17    Str: 23    XL:     11   Next: 3%
Magic:  22/33      EV:  3    Int: 12    God:    Qazlal [******]
Gold:   0          SH: 42    Dex: 21    Spells: 10/10 levels left

rFire   + . .        A - +16 obsidian axe {drain, demonic, Mesm Drain Fly SInv}
rCold   + . .        B - +18 shield of the Gong {Loud rN+ Will+ rCorr EV-5}
rNeg    + + +        k - +5 gold dragon scales
rPois   +            (helmet restricted)
rElec   .            t - +2 cloak {Will+}
rCorr   +            (no gloves)
SInv    +            (no boots)
Will    ++...        u - amulet of Ixka {Acrobat rN+++ MP+9 Str-5 Stlth+} Stlth
                     y - +6 ring of strength
HPRegen 0.35/turn    z - +6 ring of strength
MPRegen 0.23/turn

%: no teleportation, repel missiles, acrobat
@: untranslocatable, corroded, flying, mesmerised, hasted, studying Long Blades,
very quick
A: antennae 2, thin skeletal structure 3, foul stench 2, condensation shield
a: Renounce Religion, Upheaval, Elemental Force, Disaster Area


You were in the Dungeon.
You worshipped Qazlal.
Qazlal was exalted by your worship.
You visited 1 branch

Inventory:

Hand Weapons
 A - the +16 obsidian axe (weapon) {drain, demonic, Mesm Drain Fly SInv}
   (You found it in the Dungeon)

   Mesm:      Its wielder is mesmerised by any visible foes, and it cannot be
   unequipped while any foes are visible.
   SInv:      It lets you see invisible.
   Fly:       It grants you flight.
   Drain:     It drains your maximum health when unequipped.
Armour
 k - +5 gold dragon scales (worn)
 t - a +2 cloak of willpower (worn)
 B - the +18 shield of the Gong (worn) {Loud rN+ Will+ rCorr EV-5}
   (You found it in the Dungeon)

   Loud:      It is deafeningly noisy when blocking attacks.
   EV:        It affects your evasion (-5).
   rN:        It protects you from negative energy.
   rCorr:     It protects you from acid and corrosion.
   Will:      It increases your willpower.
Jewellery
 l - the ring "Maorchemn" {rN+++ Will- Int+2 Dex+6 SInv}
   (You found it in the Dungeon)

   [ring of dexterity]

   Int:       It affects your intelligence (+2).
   Dex:       It affects your dexterity (+6).
   rN:        It renders you almost immune to negative energy.
   SInv:      It lets you see invisible.
   Will:      It decreases your willpower.
 u - the amulet of Ixka (around neck) {Acrobat rN+++ MP+9 Str-5 Stlth+}
   (You found it in the Dungeon)

   [amulet of the acrobat]

   It increases your evasion while moving and waiting.
   Str:       It affects your strength (-5).
   rN:        It renders you almost immune to negative energy.
   MP:        It affects your magic capacity (+9).
   Stlth:     It makes you more stealthy.
 y - a +6 ring of strength (left hand)
 z - a +6 ring of strength (right hand)
 C - the ring "Utugh" {rPois rF++}
   (You found it in the Dungeon)

   [ring of poison resistance]

   rF:        It greatly protects you from fire.
   rPois:     It protects you from poison.
 D - the ring "Xelumyih" {rC+ rN+ Will- AC+4}
   (You found it in the Dungeon)

   [ring of protection]

   AC:        It affects your AC (+4).
   rC:        It protects you from cold.
   rN:        It protects you from negative energy.
   Will:      It decreases your willpower.
Wands
 r - a wand of mindburst (7)
 s - a wand of quicksilver (7)
 w - a wand of flame (9)
 x - a wand of paralysis (4)
Scrolls
 j - 4 scrolls of blinking
 n - 4 scrolls of amnesia
 o - 7 scrolls of fog
 p - 5 scrolls of identify
 q - 2 scrolls of fear
 v - a scroll of brand weapon
Potions
 a - 2 potions of brilliance
 b - a potion of invisibility
 c - a potion of ambrosia
 d - 4 potions of resistance
 e - 10 potions of curing
 f - 13 potions of heal wounds
 g - 4 potions of haste
 h - 7 potions of magic
 i - 3 potions of berserk rage
 m - 4 potions of might


   Skills:
 + Level 10.8 Fighting
 + Level 9.9 Axes
 + Level 9.1 Armour
 + Level 9.6 Dodging
 + Level 9.1 Shields
 * Level 19.7 Invocations


You had 10 spell levels left.
You didn't know any spells.
Your spell library contained the following spells:

 Spells                   Type           Power      Damage    Failure   Level
 Scorch                   Fire           0%         2d5       100%        2
 Gell's Gravitas          Tloc           0%         N/A       100%        3
 Ignite Poison            Fire/Tmut/Pois 0%         N/A       100%        3
 Swiftness                Air            0%         N/A       100%        3
 Teleport Other           Tloc           0%         N/A       100%        3
 Vhi's Electric Charge    Tloc/Air       0%         N/A       100%        3
 Summon Ice Beast         Ice/Summ       0%         N/A       100%        4
 Silence                  Hex/Air        0%         N/A       100%        5
 Summon Mana Viper        Hex/Summ       0%         N/A       100%        5
 Dispersal                Tloc           0%         N/A       100%        6
 Plasma Beam              Fire/Air       0%         2x1d10    100%        6
 Malign Gateway           Summ/Tloc      0%         N/A       100%        7
 Monstrous Menagerie      Summ           0%         N/A       100%        7
 Summon Horrible Things   Summ           0%         N/A       100%        8


Dungeon Overview and Level Annotations

Branches:
Dungeon (1/1)

Altars:
Ashenzari
Cheibriados
Dithmenos
Fedhas
Gozag
Hepliaklqana
Kikubaaqudgha
Makhleb
Nemelex Xobeh
Okawaru
Qazlal
Ru
Sif Muna
Trog
Uskayaw
Vehumet
Wu Jian
Xom
Yredelemnul
Jiyva
Lugonu

Annotations:
D 1 transporter


Innate Abilities, Weirdness & Mutations

You have a pair of antennae on your head.
You have an unnaturally thin skeletal structure. (Dex +6, Stealth+++)
You sometimes emit foul miasma when damaged in melee.
A meltable shield of frost defends you. (SH +4)


Message History

You block the Ice Fiend's attack.
PANG!
You block the Ice Fiend's attack.
GONNNNG!
The Tzitzimitl is engulfed in blazing flames.
You block the Tzitzimitl's attack.
BOUMMMMG!
The Tzitzimitl bites you!
You barely miss Pate.
Pate is almost dead.
You hit the Tzitzimitl but do no damage.
You slash the Ice Fiend! You closely miss the Executioner.
Visions of slaying the Tzitzimitl flood into your mind.
The Executioner gestures.
The Executioner seems to speed up.
Pate gestures at you. The bolt of acid hits you!! You resist.
* * * LOW HITPOINT WARNING * * *
You block the Executioner's attack.
GONNNNG!
You block the Executioner's attack.
BOUMMMMG!
You block the Executioner's attack.
GONNNNG!
Unknown command.
You feel much better. You block the Executioner's attack.
BOUMMMMG!
The Executioner hits you but does no damage.
You block the Executioner's attack.
GONNNNG!
The Tzitzimitl is engulfed in blazing flames.
You block the Tzitzimitl's attack.
SHROANNG!
The Tzitzimitl bites you!
* * * LOW HITPOINT WARNING * * *
The Ice Fiend is engulfed in blazing flames.
The Ice Fiend claws you!
* * * LOW HITPOINT WARNING * * *
The Ice Fiend freezes you! You resist.
You die...

▓.........▓.......▓
▓.▓.....▓.▓.......▓
▓....©....▓...©...▓
▓▓▓▓▓▓▓▓▓▓▓▓▓▓▓▓▓▓▓
▓...8©8/..▓..8©8..▓
▓../[≈.≈|.▓..)))..▓
▓.○°§§).≈.▓....|..▓
▓..1&...≈≈▓.......▓
▓.§1@.°...▓.......▓
▓..1☼○....▓.......▓
▓≈≈°.°§...▓....)..▓
▓.▓.....▓.▓.▓...▓.▓
▓....©....▓...©...▓
▓▓▓▓▓▓▓▓▓▓▓▓▓▓▓▓▓▓▓


{{{{{ {{{{{ {{{{{ {{{{ You could see Pate, a Tzitzimitl (summoned, mesmerising),
an Ice Fiend (summoned) and an Executioner (summoned, fast).

Vanquished Creatures
  3 dancing weapons (D)
  2 deep elf knights (D)
  A deep elf zephyrmancer (D)
  2 shining eyes (D)
  A deep elf pyromancer (D)
  A salamander (shapeshifter) (D)
  An ugly thing (D)
  A red devil (D)
  A polar bear (D)
  2 tarantellas (D)
  A wind drake (shapeshifter) (D)
  An air elemental (D)
  A chaos spawn (D)
  A yak (shapeshifter) (D)
  A ynoxinul (D)
  A neqoxec (D)
  A water moccasin (D)
  A scorpion (D)
  A wight (D)
  A quasit (D)
  A crimson imp (D)
  An orc wizard (D)
  2 white imps (D)
  An ufetubus (D)
  An adder skeleton (D)
  An adder simulacrum (D)
  An orc (D)
  4 ball pythons (D)
  A bat skeleton (D)
  A bat zombie (D)
  A ball python skeleton (D)
40 creatures vanquished.

Vanquished Creatures (collateral kills)
  A polar bear (D)
  A phantom (D)
2 creatures vanquished.

Vanquished Creatures (others)
  A deep elf demonologist (D)
  A deep elf knight (D)
2 creatures vanquished.

Grand Total: 44 creatures vanquished

Notes
Turn   | Place    | Note
-------+----------+-------------------------------------------
     0 | D        | HallandMoats the Demonspawn Monk began the quest for the
                  | Orb.
     0 | D        | Reached XP level 1. HP: 18/18 MP: 1/1
    17 | D        | Found a blossoming altar of Fedhas.
    17 | D        | Found the +6 Majin-Bo {spellvamp, MP+6 Int+6}
    17 | D        | Found the +27 heavy crossbow "Sniper" {heavy, Acc+∞ SInv}
    17 | D        | Found the +10 dark maul {heavy}
    17 | D        | Found the +15 Maxwell's patent armour {-Cast -Tele rElec
                  | Will+ rCorr}
    17 | D        | Found the +18 shield of the Gong {Loud rN+ Will+ rCorr
                  | EV-5}
    17 | D        | Found the +16 obsidian axe {drain, demonic, Mesm Drain Fly
                  | SInv}
    17 | D        | Found the +7 great mace "Firestarter" {flame, immolate,
                  | rFlCloud rF++}
    17 | D        | Found the +6 shillelagh "Devastator" {shatter}
    17 | D        | Found the +11 plutonium sword {Contam Stlth-}
    17 | D        | Found the +8 lance "Wyrmbane" {slay drac, rPois rF+ rC+
                  | AC+3}
    17 | D        | Found the +9 sword of Zonguldrok {reap}
    17 | D        | Found the +13 scythe of Curses {drain, curses, Drain}
    17 | D        | Found the +9 sword of Power {lifebolt}
    17 | D        | Found the +7 mace of Variability {chaos, chaos arc}
    17 | D        | Found the +11 Singing Sword {sonic wave}
    17 | D        | Found the +8 storm bow {elec, penet}
    20 | D        | Found a shimmering blue altar of Sif Muna.
    20 | D        | Found a sacrificial altar of Ru.
    20 | D        | Found a bloodstained altar of Trog.
    20 | D        | Found a stormy altar of Qazlal.
    20 | D        | Found an iron altar of Okawaru.
    20 | D        | Found a sparkling altar of Nemelex Xobeh.
    22 | D        | Found a transporter.
    22 | D        | Found an ancient bone altar of Kikubaaqudgha.
    22 | D        | Found a viscous altar of Jiyva.
    22 | D        | Found a corrupted altar of Lugonu.
    22 | D        | Found a hazy altar of Hepliaklqana.
    22 | D        | Found a burning altar of Makhleb.
    22 | D        | Found an opulent altar of Gozag.
    41 | D        | Became a worshipper of Qazlal Stormbringer
    41 | D        | Reached * piety under Qazlal
    41 | D        | Reached ** piety under Qazlal
    67 | D        | Reached skill level 9 in Invocations
    67 | D        | Gained mutation: You have a somewhat thin skeletal
                  | structure. (Dex +2, Stealth+) [demonic ancestry]
    67 | D        | Reached XP level 2. HP: 24/24 MP: 1/7
   130 | D        | Entered arena 2.
   130 | D        | Found a transporter.
   137 | D        | Reached skill level 1 in Armour
   137 | D        | Reached skill level 1 in Shields
   137 | D        | Reached skill level 10 in Invocations
   137 | D        | Gained mutation: You have a pair of small antennae on your
                  | head. [demonic ancestry]
   137 | D        | Reached XP level 3. HP: 28/29 MP: 7/9
   141 | D        | Got the ring "Maorchemn" {rN+++ Will- Int+2 Dex+6 SInv}
   156 | D        | Entered arena 3.
   156 | D        | Noticed a tarantella
   156 | D        | Noticed a scorpion
   156 | D        | Noticed a tarantella
   156 | D        | Found a transporter.
   159 | D        | Killed a tarantella
   160 | D        | Reached skill level 11 in Invocations
   160 | D        | Reached XP level 4. HP: 38/38 MP: 9/11
   160 | D        | Reached XP level 5. HP: 43/43 MP: 10/13
   160 | D        | Reached *** piety under Qazlal
   161 | D        | Reached skill level 5 in Fighting
   161 | D        | Reached skill level 12 in Invocations
   161 | D        | Gained mutation: You have a moderately thin skeletal
                  | structure. (Dex +4, Stealth++) [demonic ancestry]
   161 | D        | Reached XP level 6. HP: 51/51 MP: 11/15
   163 | D        | Killed a tarantella
   164 | D        | Reached skill level 5 in Axes
   164 | D        | Reached skill level 5 in Dodging
   164 | D        | Reached skill level 13 in Invocations
   188 | D        | Entered arena 4.
   188 | D        | Noticed a polar bear
   188 | D        | Noticed a polar bear
   188 | D        | Found a transporter.
   194 | D        | Killed a polar bear
   194 | D        | Reached **** piety under Qazlal
   194 | D        | Killed a polar bear
   195 | D        | Reached skill level 5 in Armour
   195 | D        | Reached skill level 5 in Shields
   195 | D        | Reached skill level 14 in Invocations
   195 | D        | Gained mutation: You may rarely emit foul miasma when
                  | damaged in melee. [demonic ancestry]
   195 | D        | Reached XP level 7. HP: 53/59 MP: 15/17
   208 | D        | Got the Tome of the Lofty Arsonist
   217 | D        | Entered arena 5.
   217 | D        | Noticed a deep elf knight
   217 | D        | Noticed a deep elf knight
   217 | D        | Noticed a deep elf demonologist
   217 | D        | Noticed a deep elf zephyrmancer
   217 | D        | Found a transporter.
   223 | D        | Killed a deep elf demonologist
   224 | D        | Reached skill level 15 in Invocations
   224 | D        | Gained mutation: You have a pair of antennae on your head.
                  | [demonic ancestry]
   224 | D        | Reached XP level 8. HP: 29/67 MP: 17/19
   224 | D        | Killed a deep elf zephyrmancer
   229 | D        | Killed a deep elf knight
   235 | D        | Killed a deep elf knight
   236 | D        | Reached skill level 16 in Invocations
   236 | D        | Gained mutation: A meltable shield of frost defends you.
                  | (SH +4) [demonic ancestry]
   236 | D        | Reached XP level 9. HP: 59/75 MP: 18/21
   237 | D        | Got the amulet of Ixka {Acrobat rN+++ MP+9 Str-5 Stlth+}
   303 | D        | Entered arena 6.
   303 | D        | Found a transporter.
   306 | D        | Reached ***** piety under Qazlal
   312 | D        | Got the Codex of Galvanic Phlogiston
   318 | D        | Entered arena 7.
   318 | D        | Noticed a +0 heavy war axe
   318 | D        | Noticed a deep elf pyromancer
   318 | D        | Noticed a +4 dire flail of protection
   318 | D        | Noticed a +2 vampiric war axe
   318 | D        | Noticed a deep elf knight
   318 | D        | Paralysed by an air elemental for 1 turns
   319 | D        | Killed a +2 vampiric war axe
   319 | D        | Killed a deep elf pyromancer
   319 | D        | Killed a +4 dire flail of protection
   319 | D        | Killed a deep elf knight
   319 | D        | Killed a +0 heavy war axe
   319 | D        | Reached ****** piety under Qazlal
   320 | D        | Reached skill level 18 in Invocations
   320 | D        | Gained mutation: You have an unnaturally thin skeletal
                  | structure. (Dex +6, Stealth+++) [demonic ancestry]
   320 | D        | Reached XP level 10. HP: 79/85 MP: 22/23
   320 | D        | Found a transporter.
   337 | D        | Entered arena 8.
   338 | D        | Found a transporter.
   345 | D        | Reached skill level 10 in Fighting
   348 | D        | Got the ring "Utugh" {rPois rF++}
   350 | D        | Got the ring "Xelumyih" {rC+ rN+ Will- AC+4}
   356 | D        | Entered arena 9.
   356 | D        | Noticed a red ugly thing
   356 | D        | Noticed a shining eye
   356 | D        | Noticed a shining eye
   356 | D        | Noticed a salamander
   357 | D        | Found a transporter.
   358 | D        | Killed a shining eye
   358 | D        | Killed a red ugly thing
   358 | D        | Killed a shining eye
   359 | D        | Reached skill level 19 in Invocations
   360 | D        | Killed a salamander
   378 | D        | Entered arena 10.
   378 | D        | Noticed Pate the pandemonium lord
   379 | D        | Found a transporter.
   381 | D        | Gained mutation: You sometimes emit foul miasma when
                  | damaged in melee. [demonic ancestry]
   381 | D        | Reached XP level 11. HP: 92/92 MP: 20/24
   388 | D        | Noticed a Tzitzimitl
   388 | D        | Noticed an Ice Fiend
   392 | D        | Noticed an Executioner
   394 | D        | HP: 2/92 [Ice Fiend[Pate] (13)]
   394 | D        | Demolished by an Ice Fiend

Illustrated notes

Levels and vault maps discovered:
D:        sprint_v [room_start, room_1, room_2, room_3, room_4, room_5, room_6,
          room_7, room_8, room_9, room_10, room_11, room_12, room_13, room_14,
          room_15, room_16, room_17, room_18, room_19, room_20, room_21,
          room_22, room_23, room_24, room_25, room_26, room_27]

Skill      XL: |  1  2  3  4  5  6  7  8  9 10 |
---------------+-------------------------------+-----
Invocations    | 9 10 11 12 14 15 16 18 19 | 19.7
Axes           | 3 4 6 7 9 |  9.9
Armour         | 1 3 5 6 8 9 |  9.1
Dodging        | 3 4 6 7 8 9 |  9.6
Shields        | 1 3 5 6 8 9 |  9.1
Fighting       | 4 5 6 7 8 9 10 | 10.8

Action                     |  1- 3 |  4- 6 |  7- 9 | 10-12 || total
---------------------------+-------+-------+-------+-------++-------
  Melee: Broad axe         |     7 |     8 |     9 |    14 ||    38
 Invoke: Disaster Area     |       |       |     1 |     2 ||     3
    Use: Potion            |     1 |       |     6 |     3 ||    10
 Armour: Gold dragon scale |     5 |    13 |     2 |     1 ||    21
  Dodge: Dodged            |       |     1 |     3 |     1 ||     5
  Block: Kite shield       |    12 |    24 |    25 |    24 ||    85

Table legend: (Time is in decaauts)
 A = Elapsed time spent in this place.
 B = Non-inter-level travel time spent in this place.
 C = Inter-level travel time spent in this place.
 D = Time resting spent in this place.
 E = Time spent auto-exploring this place.
 F = Levels seen in this place.
 G = Mean time per level.
                   A        B        C        D        E       F      G
               +--------+--------+--------+--------+--------+-----+--------+
         Total |    380 |    380 |      0 |    120 |      0 |   1 |  380.0 |
       Dungeon |    380 |    380 |      0 |    120 |      0 |   1 |  380.0 |
               +--------+--------+--------+--------+--------+-----+--------+

Top non-repeatable levels by time:
       D: 380 daAuts
